 Dungeon Crawl Stone Soup version 0.19.1 (webtiles) character file.

190156 KarmaPolice the Whirler (level 18, -21/133 HPs)
             Began as a Halfling Hunter on Dec 1, 2016.
             Was a High Priest of Okawaru.
             Demolished by a skeletal warrior
             ... wielding a +0 halberd
              (24 damage)
             ... while paralysed by an ogre mage
             ... on level 14 of the Dungeon on Dec 2, 2016.
             The game lasted 04:05:03 (44269 turns).

KarmaPolice the Whirler (Halfling Hunter)          Turns: 44269, Time: 04:05:04

Health: -21/133    AC: 13    Str: 18    XL:     18   Next: 82%
Magic:  24/24      EV:  3    Int:  9    God:    Okawaru [*****.]
Gold:   2057       SH:  0    Dex: 23    Spells: 2 memorised, 12 levels left

rFire  + + .     SeeInvis .     x - +1 war axe of Action {drain, +Rage rC+}
rCold  + . .     Gourm    .     Q - +1 leather armour of Homaa {rF+ rN+ MR+ Dex+2}
rNeg   + . .     Faith    .     (shield restricted)
rPois  +         Spirit   .     v - +2 hat
rElec  .         Reflect  .     s - +0 cloak
rCorr  .         Harm     .     i - +2 pair of gloves {Str+3}
MR     ++...                    q - +0 pair of boots {Stlth+}
Stlth  +++.......               t - amulet of regeneration
                                e - ring of Kami {rPois rF+ Slay+3}
                                U - +5 ring of evasion

@: paralysed
A: mutation resistance 1
a: Heroism, Finesse, Renounce Religion, Evoke Berserk Rage
}: 1/15 runes: decaying


You were on level 14 of the Dungeon.
You worshipped Okawaru.
Okawaru was extremely pleased with you.
You were not hungry.

You visited 5 branches of the dungeon, and saw 27 of its levels.
You also visited: Ice Cave.

You collected 3065 gold pieces.
You spent 1008 gold pieces at shops.

Inventory:

Hand Weapons
 x - the +1 war axe of Action (weapon) {drain, +Rage rC+}
   (You found it on level 3 of the Lair of Beasts)

   A truly terrible weapon, it drains the life of those it strikes.
   It protects you from cold.
   It lets you go berserk.
 A - a +2 long sword of holy wrath
 H - the +2 fustibalus of Axtuoshi {velocity, Int+3 Stlth+}
   (Okawaru gifted it to you on level 10 of the Dungeon)

   Any stone fired from it inflicts extra damage.
   It affects your intelligence (+3).
   It makes you more stealthy.
 Y - a +0 blowgun
Missiles
 d - 260 sling bullets
 R - 12 curare-tipped needles
 T - 28 stones (quivered)
Armour
 i - a +2 pair of gloves of strength (worn)
 q - a +0 pair of boots of stealth (worn)
 s - a +0 cloak (worn)
 v - a +2 hat (worn)
 Q - the +1 leather armour of Homaa (worn) {rF+ rN+ MR+ Dex+2}
   (You found it on level 8 of the Dungeon)

   It affects your dexterity (+2).
   It protects you from fire.
   It protects you from negative energy.
   It affects your resistance to hostile enchantments.
Jewellery
 e - the ring of Kami (right hand) {rPois rF+ Slay+3}
   (You bought it in a shop on level 1 of the Orcish Mines)

   [ring of poison resistance]

   It affects your accuracy and damage with ranged weapons and melee attacks
   (+3).
   It protects you from fire.
   It protects you from poison.
 g - an uncursed ring of see invisible
 t - an amulet of regeneration (around neck)
 F - an uncursed ring of protection from cold
 U - a +5 ring of evasion (left hand)
Wands
 c - a wand of digging (5/24)
 l - a wand of confusion (9/48)
 P - a wand of lightning (11/15)
 V - a wand of iceblast (10/15)
Scrolls
 a - a scroll of brand weapon
 h - 3 scrolls of enchant weapon
 j - 3 scrolls of amnesia
 p - 4 scrolls of recharging
 r - 8 scrolls of remove curse
 w - 2 scrolls of magic mapping
 y - 4 scrolls of enchant armour
 D - a scroll of fear
 E - a scroll of acquirement
 L - 5 scrolls of teleportation
 M - 7 scrolls of identify
 O - 6 scrolls of blinking
 X - 2 scrolls of fog
 Z - 2 scrolls of silence
Potions
 k - a potion of might
 n - 11 potions of curing
 o - 3 potions of brilliance
 u - 4 potions of agility
 z - 2 potions of berserk rage
 I - 2 potions of magic
 J - a potion of invisibility
 K - 3 potions of flight
Miscellaneous
 W - a phial of floods
Comestibles
 b - 17 royal jellies
 f - 13 bread rations
 m - 10 beef jerkies
 C - 11 meat rations
 N - 2 slices of pizza


   Skills:
 + Level 14.8 Fighting
   Level 8.2(10.6) Short Blades
 - Level 9.0(10.0) Long Blades
 - Level 6.3 Axes
 + Level 19.9 Slings
 - Level 10.0 Armour
 + Level 15.0 Dodging
 - Level 1.1 Stealth
 - Level 3.1 Spellcasting
 + Level 1.4 Hexes
 - Level 9.1 Invocations
 - Level 7.2 Evocations


You had 12 spell levels left.
You knew the following spells:

 Your Spells              Type           Power        Failure   Level  Hunger
a - Silence               Hex/Air        #.........   100%        5    ######.
b - Deflect Missiles      Chrm/Air       #.........   100%        6    #######


Dungeon Overview and Level Annotations

Branches:
Dungeon (14/15)            Temple (1/1) D:4            Lair (6/6) D:9
  Swamp (4/4) Lair:2       Spider (0/4) Lair:2        Slime (0/5) Lair:5
    Orc (2/2) D:9             Elf (0/3) Orc:2        Vaults (0/5) D:14

Altars:
Ashenzari
Fedhas
Gozag
Hepliaklqana
Kikubaaqudgha
Nemelex Xobeh
Okawaru
Ru
Trog
Uskayaw
Xom
Yredelemnul
The Shining One
Beogh
Jiyva

Shops:
D:8 :   D:12 !   D:14 (   Orc:1 *   Orc:2 ((}?:


Innate Abilities, Weirdness & Mutations

You are small and have problems with some larger weapons.
You are somewhat resistant to further mutation.


Message History

You hear a bark!
The ogre mage casts a spell at you.
The bolt of lightning hits the storm dragon.
The storm dragon completely resists.
Helpless, you fail to dodge the bolt of lightning.
The skeletal warrior hits you but does no damage.
The storm dragon bites you but does no damage.
The storm dragon claws you.
The storm dragon tramples you but does no damage.
The ogre mage gestures wildly while chanting.
The skeletal warrior hits you from afar with a halberd!
* * * LOW HITPOINT WARNING * * *
The storm dragon breathes lightning at you.
Helpless, you fail to dodge the bolt of lightning.
* * * LOW HITPOINT WARNING * * *
The storm dragon barely misses you. The storm dragon claws you.
* * * LOW HITPOINT WARNING * * *
The storm dragon tramples you but does no damage.
The skeletal warrior hits you from afar with a halberd!!
You die...

#.# #...........### #.#
#..###.####.# #.######### #..#
#(####.### #...uD....# #..#
#.....)(.#
#########.#########..###..#......
#....Dz..u.........#.#####
#..######Oz..........#.:.. #..#
#D##.........#.... #..##
##@##....####.#..⌠.
##.#.####...#....###..#....
#.###............##.#.#....
########)#.###.....#.....##.##'''
.......!...##.##.##.#####.#.#....
#######........(....# ##..#.... #
#.......##.#..# ##.#..⌠. #
#.#..##..#.#.## #.#.... ###
#.#.###.#....########.#....


You could see a storm dragon, a cyan ugly thing, a skeletal warrior and an ogre
mage.

Vanquished Creatures
  the Lernaean hydra (Swamp:4)
  Gastronok (Orc:1)
  A thorn hunter (Swamp:4)
  Kirke (Lair:5)
  A frost giant (D:14)
  A very ugly thing (Swamp:3)
  A stone giant (Orc:1)
  3 ogre magi
  Fannar (D:11)
  Erolcha (Orc:1)
  2 ghost crabs
  20 hydras
  3 catoblepae
  The ghost of Kite the Basher, a novice MiBe of Trog (D:10)
  2 vault guards
  2 centaur warriors (D:14)
  10 alligators
  7 death yaks
  Urug (D:14)
  Sonja (Lair:1)
  3 deep trolls
  A wizard (D:14)
  5 skeletal warriors (D:13)
  3 spriggan druids
  3 unseen horrors
  20 swamp dragons
  3 shambling mangroves
  A lindwurm (Lair:5)
  10 hill giants
  2 deep elf magi
  3 necromancers
  An orb spider (Lair:2)
  An ugly thing (D:11)
  5 cyclopes
  An orc sorcerer (Orc:2)
  6 manticores
  A wolf spider (D:10)
  7 black mambas
  3 elephants (Lair:5)
  An ice statue (IceCv)
  3 torpor snails
  2 gargoyles
  4 centaur skeletons
  26 spiny frogs
  2 kobold demonologists
  A rime drake (Lair:5)
  4 freezing wraiths
  2 yaktaurs
  6 ice devils (IceCv)
  A golden dragon simulacrum (IceCv)
  An anaconda simulacrum (IceCv)
  2 hydra zombies (Swamp:1)
  6 komodo dragons
  3 meliai (Lair:4)
  A tengu conjurer (D:14)
  9 two-headed ogres
  A queen bee (Lair:4)
  13 trolls
  2 wolf spider simulacra (IceCv)
  10 polar bears
  31 slime creatures
  8 tyrant leeches
  8 bog bodies
  12 hornets
  30 blink frogs
  17 hippogriffs
  7 dream sheep (Lair:4)
  2 redbacks (Lair:6)
  20 spriggans
  3 wraiths
  3 dire elephant simulacra (IceCv)
  8 wyverns
  58 yaks
  A tyrant leech zombie (Swamp:1)
  8 hogs
  4 hungry ghosts
  19 humans
  3 steam dragons
  4 basilisks
  23 vampire mosquitoes
  2 mottled dragons (D:12)
  4 wargs
  12 insubstantial wisps
  24 swamp worms
  A naga (shapeshifter) (D:14)
  4 hydra simulacra (IceCv)
  4 harpy simulacra (IceCv)
  An iron troll simulacrum (IceCv)
  14 water moccasins
  5 porcupines
  18 swamp drakes
  3 black bears
  2 swamp dragon zombies (Swamp:1)
  An ettin simulacrum (IceCv)
  20 orc warriors
  4 ice beasts
  3 eyes of draining
  2 necrophages
  2 phantoms
  4 sky beasts
  30 wolves
  36 ogres
  3 boggarts (Lair:6)
  10 centaurs
  21 crocodiles
  5 big kobolds
  20 bullfrogs
  An elf zombie (D:9)
  A gnoll sergeant (D:10)
  2 wyvern skeletons
  A scorpion (D:9)
  A hornet simulacrum (D:8)
  2 wights (D:9)
  22 killer bees (Lair:4)
  A swamp dragon simulacrum (IceCv)
  2 vampire bats (Lair:1)
  3 howler monkeys
  An electric eel (D:8)
  7 crimson imps
  2 bullfrog zombies
  3 jellies
  3 centaur zombies
  3 draconian simulacra (IceCv)
  3 lava snakes (D:8)
  4 quasits
  Crazy Yiuf (D:2)
  5 human zombies (D:9)
  13 orc priests
  4 bullfrog skeletons
  7 hounds
  21 orc wizards
  10 iguanas
  8 worker ants
  2 troll simulacra (IceCv)
  A spriggan simulacrum (IceCv)
  An ogre zombie (D:9)
  4 centaur simulacra (IceCv)
  A bullfrog simulacrum (D:8)
  A mummy (D:9)
  A worker ant zombie (D:10)
  3 gnolls (D:10)
  An ogre simulacrum (IceCv)
  14 adders
  A naga simulacrum (IceCv)
  A swamp drake zombie (Swamp:1)
  A hound simulacrum (D:8)
  4 shadow imps
  4 white imps
  2 ufetubi
  An adder zombie (D:9)
  2 worms
  4 dart slugs
  The ghost of dscm the Magician, a weakling OpWz (D:4)
  8 leopard geckos
  82 orcs
  6 giant cockroaches
  5 hobgoblins
  5 jackals (D:7)
  25 kobolds
  5 quokkas
  A ball python (D:4)
  14 bats
  4 frilled lizards
  A giant cockroach zombie (D:5)
  7 goblins
  An orc zombie (D:9)
  A quokka skeleton (D:7)
  5 rats
  A fungus (Lair:6)
  2 plants
1118 creatures vanquished.

Vanquished Creatures (collateral kills)
  An ice devil (IceCv)
  A death yak simulacrum (IceCv)
2 creatures vanquished.

Vanquished Creatures (others)
  An alligator (Swamp:1)
  A swamp worm (Swamp:1)
  2 white imps (IceCv)
  3 ufetubi (IceCv)
  An orc (D:10)
  A bush (Lair:6)
  40 fungi
  14 plants
63 creatures vanquished.

Grand Total: 1183 creatures vanquished

Notes
Turn   | Place    | Note
-------+----------+-------------------------------------------
     0 | D:1      | KarmaPolice the Halfling Hunter began the quest for the Orb.
     0 | D:1      | Reached XP level 1. HP: 14/14 MP: 1/1
   287 | D:1      | Reached skill level 1 in Short Blades
   287 | D:1      | Reached XP level 2. HP: 15/19 MP: 2/2
   412 | D:1      | Reached skill level 6 in Slings
   625 | D:1      | Reached XP level 3. HP: 19/24 MP: 3/3
  1282 | D:2      | Reached XP level 4. HP: 30/30 MP: 4/4
  1396 | D:2      | Found a runed door.
  1556 | D:2      | Noticed Crazy Yiuf
  1561 | D:2      | Killed Crazy Yiuf
  1721 | D:3      | Reached XP level 5. HP: 35/35 MP: 5/5
  2177 | D:3      | Found a bloodstained altar of Trog.
  2366 | D:4      | You fall through a shaft for 3 floors!
  2366 | D:7      | Noticed a hippogriff
  2388 | D:7      | Noticed an orc warrior
  2389 | D:7      | Noticed an ice beast
  2406 | D:7      | Reached skill level 7 in Slings
  2406 | D:7      | Reached skill level 1 in Evocations
  2408 | D:7      | Reached XP level 6. HP: 41/41 MP: 6/6
  2446 | D:7      | Noticed an ogre
  2727 | D:6      | Noticed a sky beast
  2744 | D:6      | Killed a sky beast
  2784 | D:6      | Reached XP level 7. HP: 43/46 MP: 8/8
  3053 | D:5      | Entered Level 5 of the Dungeon
  3557 | D:4      | Reached skill level 8 in Slings
  3580 | D:4      | Noticed dscm's ghost (weakling OpWz)
  3581 | D:4      | Killed dscm's ghost
  3767 | D:4      | Found a staircase to the Ecumenical Temple.
  3771 | Temple   | Entered the Ecumenical Temple
  3801 | Temple   | Became a worshipper of Warmaster Okawaru
  4134 | D:5      | Reached XP level 8. HP: 54/54 MP: 10/10
  4216 | D:5      | Reached skill level 5 in Short Blades
  4258 | D:5      | Found a sparkling altar of Nemelex Xobeh.
  4630 | D:5      | Found a glowing golden altar of the Shining One.
  4630 | D:5      | Found a bloodstained altar of Trog.
  4811 | D:5      | Reached skill level 9 in Slings
  4832 | D:5      | Reached * piety under Okawaru
  4891 | D:5      | Found a hazy altar of Hepliaklqana.
  5314 | D:6      | Reached skill level 1 in Invocations
  5626 | D:6      | Reached XP level 9. HP: 60/60 MP: 12/12
  5767 | D:7      | Reached skill level 5 in Fighting
  6263 | D:7      | Killed a hippogriff
  6263 | D:7      | Reached ** piety under Okawaru
  6263 | D:7      | Reached skill level 10 in Slings
  6374 | D:7      | Found a sacrificial altar of Ru.
  6838 | D:8      | Noticed a polar bear
  6839 | D:8      | Noticed a polar bear
  7051 | D:7      | Killed a polar bear
  7450 | D:8      | Reached skill level 11 in Slings
  7450 | D:8      | Reached XP level 10. HP: 38/68 MP: 13/13
  7601 | D:8      | Reached *** piety under Okawaru
  7820 | D:8      | Reached skill level 5 in Invocations
  8058 | D:8      | Got a pitted leather armour
  8159 | D:8      | Found Xizef's Book Emporium.
  8180 | D:8      | Identified the cursed +1 leather armour of Homaa {rF+ rN+ MR+ Dex+2} (You found it on level 8 of the Dungeon)
  8497 | D:8      | Reached skill level 1 in Armour
  8893 | D:8      | Reached **** piety under Okawaru
  9200 | D:9      | Found a staircase to the Orcish Mines.
  9314 | D:9      | Found an ancient bone altar of Kikubaaqudgha.
  9361 | D:9      | Reached skill level 12 in Slings
  9720 | D:9      | Received a gift from Okawaru
  9919 | D:9      | Reached skill level 5 in Evocations
 10049 | D:8      | Reached XP level 11. HP: 35/75 MP: 15/15
 10394 | D:9      | Found a staircase to the Lair.
 10464 | D:9      | Found a basalt altar of Yredelemnul.
 10497 | D:9      | Received a gift from Okawaru
 10691 | D:9      | Found an opulent altar of Gozag.
 10777 | Lair:1   | Entered Level 1 of the Lair of Beasts
 11050 | Lair:1   | Noticed Sonja
 11222 | Lair:1   | Reached skill level 13 in Slings
 11339 | Lair:1   | Reached ***** piety under Okawaru
 11509 | Lair:1   | Killed Sonja
 12148 | Lair:1   | Received a gift from Okawaru
 12898 | Lair:2   | Reached skill level 5 in Dodging
 13087 | Lair:2   | Reached XP level 12. HP: 83/83 MP: 17/17
 13165 | Lair:2   | Reached skill level 1 in Long Blades
 13527 | Lair:1   | Received a gift from Okawaru
 13615 | Lair:1   | Reached skill level 14 in Slings
 13936 | Lair:2   | Found a staircase to the Swamp.
 14124 | Lair:2   | Found a hole to the Spider Nest.
 14496 | Lair:3   | Received a gift from Okawaru
 15226 | Lair:3   | Received a gift from Okawaru
 15262 | Lair:3   | Got a warped war axe
 15263 | Lair:3   | Identified the cursed +1 war axe of Action {drain, +Rage rC+} (You found it on level 3 of the Lair of Beasts)
 15363 | Lair:3   | Reached skill level 1 in Axes
 15571 | Lair:3   | Received a gift from Okawaru
 15763 | Lair:3   | Reached ****** piety under Okawaru
 16210 | Lair:4   | Noticed a catoblepas
 16253 | Lair:3   | Reached XP level 13. HP: 64/90 MP: 18/18
 16392 | Lair:4   | Noticed a five-headed hydra
 16741 | Lair:4   | Killed a catoblepas
 16749 | Lair:4   | Reached skill level 15 in Slings
 16764 | Lair:4   | Killed a five-headed hydra
 16764 | Lair:4   | Received a gift from Okawaru
 16802 | Lair:4   | Received a gift from Okawaru
 16805 | Lair:4   | Reached skill level 10 in Fighting
 16938 | Lair:5   | Found a viscous altar of Jiyva.
 16938 | Lair:5   | Found a staircase to the Slime Pits.
 16966 | Lair:4   | Noticed a four-headed hydra
 17237 | Lair:4   | Received a gift from Okawaru
 17240 | Lair:4   | Got a warped ring mail {god gift}
 17292 | Lair:4   | Identified the +1 ring mail of the Cast Vote {rPois rF+ rC+ Str-2} (Okawaru gifted it to you on level 4 of the Lair of Beasts)
 17358 | Lair:4   | Killed a four-headed hydra
 17358 | Lair:4   | Reached skill level 5 in Armour
 18386 | Lair:4   | Reached skill level 5 in Axes
 18603 | Lair:6   | Entered Level 6 of the Lair of Beasts
 19206 | Lair:5   | Noticed a five-headed hydra
 19239 | Lair:5   | Killed a five-headed hydra
 19399 | Lair:5   | Noticed Kirke
 19543 | Lair:5   | Killed Kirke
 19543 | Lair:5   | Reached XP level 14. HP: 86/99 MP: 12/19
 19768 | Lair:5   | Received a gift from Okawaru
 20176 | Lair:6   | Received a gift from Okawaru
 20779 | Lair:6   | Received a gift from Okawaru
 20779 | Lair:6   | Reached skill level 16 in Slings
 22035 | Lair:6   | Received a gift from Okawaru
 22047 | Lair:6   | Got a pair of brightly glowing gloves {god gift}
 22058 | Lair:6   | Identified the -6 pair of gloves "Buly" {Str+4} (Okawaru gifted it to you on level 6 of the Lair of Beasts)
 23450 | Lair:5   | Reached XP level 15. HP: 100/108 MP: 21/21
 23453 | Lair:5   | Reached skill level 10 in Dodging
 23727 | Lair:6   | Reached skill level 17 in Slings
 24773 | D:10     | Entered Level 10 of the Dungeon
 24838 | D:10     | Received a gift from Okawaru
 24847 | D:10     | Got a crude fustibalus {god gift}
 24853 | D:10     | Identified the +2 fustibalus of Axtuoshi {velocity, Int+3 Stlth+} (Okawaru gifted it to you on level 10 of the Dungeon)
 25025 | D:10     | Noticed Kite's ghost (novice MiBe)
 25126 | D:10     | Killed Kite's ghost
 26543 | D:11     | Noticed Fannar
 26576 | D:11     | Killed Fannar
 26824 | Orc:1    | Entered Level 1 of the Orcish Mines
 26824 | Orc:1    | Found a shimmering altar of Xom.
 26839 | Orc:1    | Reached skill level 18 in Slings
 27182 | Orc:1    | Found Joeskob's Assorted Antiques.
 27275 | Orc:1    | Noticed a stone giant
 27309 | Orc:1    | Killed a stone giant
 27309 | Orc:1    | Received a gift from Okawaru
 27323 | Orc:1    | Noticed Gastronok
 27344 | Orc:1    | Killed Gastronok
 27646 | Orc:2    | Entered Level 2 of the Orcish Mines
 27646 | Orc:2    | Noticed Erolcha
 27656 | Orc:1    | Killed Erolcha
 27770 | Orc:1    | Received a gift from Okawaru
 27907 | Orc:2    | Found Efraki's Book Shop.
 28002 | Orc:2    | Found a staircase to the Elven Halls.
 28016 | Orc:2    | Received a gift from Okawaru
 28081 | Orc:2    | Reached XP level 16. HP: 116/116 MP: 22/22
 28123 | Orc:2    | Received a gift from Okawaru
 28257 | Orc:2    | Found Aphad's Magic Scroll Boutique.
 28259 | Orc:2    | Found Wifeh's Gadget Emporium.
 28298 | Orc:2    | Found Waoge's Antique Weapon Shoppe.
 28453 | Orc:2    | Received a gift from Okawaru
 28809 | Orc:2    | Found Nugaw's Weapon Emporium.
 28812 | Orc:2    | Bought a scroll of remove curse for 42 gold pieces
 28812 | Orc:2    | Bought a scroll of identify for 28 gold pieces
 28812 | Orc:2    | Bought a scroll of remove curse for 42 gold pieces
 29089 | Orc:2    | Bought a scroll of brand weapon for 280 gold pieces
 29135 | Orc:1    | Bought a coiled copper ring for 135 gold pieces
 29135 | Orc:1    | Identified the ring of Kami {rPois rF+ Slay+3} (You bought it in a shop on level 1 of the Orcish Mines)
 29142 | Orc:1    | Bought a scroll of remove curse for 81 gold pieces
 29841 | D:11     | Received a gift from Okawaru
 30313 | D:12     | Found Epimmo's Distillery.
 30324 | D:12     | Bought a potion of ambrosia for 128 gold pieces
 30324 | D:12     | Bought a potion of curing for 48 gold pieces
 30324 | D:12     | Bought a potion of curing for 48 gold pieces
 30324 | D:12     | Bought a potion of curing for 48 gold pieces
 30324 | D:12     | Bought a potion of agility for 64 gold pieces
 30324 | D:12     | Bought a potion of agility for 64 gold pieces
 30578 | D:12     | Received a gift from Okawaru
 31370 | D:13     | Reached skill level 19 in Slings
 31819 | D:14     | Found Qixiurha's Antique Weapon Shoppe.
 31999 | D:13     | Received a gift from Okawaru
 32541 | Swamp:1  | Entered Level 1 of the Swamp
 32549 | Swamp:1  | Received a gift from Okawaru
 32555 | Swamp:1  | Got an encrusted fustibalus {god gift}
 32556 | Swamp:1  | Identified the +1 fustibalus of Zeynu {speed, rElec} (Okawaru gifted it to you on level 1 of the Swamp)
 33199 | Swamp:1  | Received a gift from Okawaru
 33255 | Swamp:1  | Reached XP level 17. HP: 106/123 MP: 23/23
 33378 | Swamp:1  | Reached skill level 10 in Armour
 33913 | Swamp:1  | Reached skill level 5 in Long Blades
 34576 | Swamp:2  | Received a gift from Okawaru
 35035 | Swamp:2  | Received a gift from Okawaru
 35378 | Swamp:2  | Reached skill level 1 in Spellcasting
 35658 | Swamp:3  | Found a frozen archway.
 35724 | IceCv    | Entered an ice cave
 36962 | IceCv    | Noticed an Ice Fiend
 37532 | IceCv    | HP: 6/124 [Ice Fiend (25)]
 39041 | Swamp:3  | Received a gift from Okawaru
 39251 | Swamp:4  | Entered Level 4 of the Swamp
 39768 | Swamp:4  | Received a gift from Okawaru
 40075 | Swamp:4  | Reached XP level 18. HP: 131/131 MP: 24/24
 40277 | Swamp:4  | Noticed the 27-headed Lernaean hydra
 40297 | Swamp:4  | Killed the 27-headed Lernaean hydra
 40858 | Swamp:4  | Got a decaying rune of Zot
 41952 | D:14     | Identified a scroll of acquirement
 42858 | Lair:1   | Learned a level 5 spell: Silence
 42865 | Lair:1   | Learned a level 6 spell: Deflect Missiles
 43233 | D:14     | Noticed Urug
 43290 | D:14     | Killed Urug
 43290 | D:14     | Received a gift from Okawaru
 43379 | D:14     | Found a roughly hewn altar of Beogh.
 43408 | D:14     | Reached skill level 1 in Hexes
 43707 | D:14     | Found a gate to the Vaults.
 44221 | D:14     | Reached skill level 15 in Dodging
 44264 | D:14     | Paralysed by an ogre mage for 6 turns
 44269 | D:14     | HP: 3/133 [storm dragon (5)]
 44269 | D:14     | Demolished by a skeletal warrior

Skill      XL: |  1  2  3  4  5  6  7  8  9 10 11 12 13 14 15 16 17 18 |
---------------+-------------------------------------------------------+-----
Short Blades   | 1 2 3 4 6 7 8 |  8.2
Slings         | 6 7 8 9 11 12 13 14 15 16 18 19 | 19.9
Fighting       | 2 3 4 6 7 8 9 10 11 12 13 14 | 14.8
Dodging        | 3 5 7 8 9 11 13 14 15 | 15.0
Evocations     | 1 2 3 4 5 7 |  7.2
Invocations    | 1 4 5 6 7 9 |  9.1
Armour         | 3 4 6 7 9 10 | 10.0
Long Blades    | 3 4 7 9 |  9.0
Axes           | 2 6 |  6.3
Spellcasting   | 3 |  3.1
Hexes          | 1 |  1.4
Stealth        | |  1.1

Action                   |  1- 3 |  4- 6 |  7- 9 | 10-12 | 13-15 | 16-18 || total
-------------------------+-------+-------+-------+-------+-------+-------++-------
Melee: Short sword       |     7 |       |       |       |       |       ||     7
       Dagger            |    68 |   102 |   271 |   660 |    36 |       ||  1137
       War axe           |       |       |       |   106 |  1599 |   971 ||  2676
       Punch             |       |       |       |       |    16 |    10 ||    26
       Unarmed           |       |       |       |       |     1 |       ||     1
       Long sword        |       |       |       |       |       |   203 ||   203
 Fire: Hunting sling     |     4 |     5 |    89 |   469 |   311 |       ||   878
       Blowgun           |       |       |       |    54 |    29 |       ||    83
       Fustibalus        |       |       |       |       |   234 |  1207 ||  1441
Throw: Stone             |       |       |       |    28 |       |       ||    28
Invok: Heroism           |       |       |       |     5 |    18 |    14 ||    37
       Finesse           |       |       |       |       |     6 |    13 ||    19
Evoke: Wand              |       |       |     8 |    10 |     6 |     1 ||    25
       Phial of floods   |       |       |       |       |     1 |     1 ||     2
       Phantom mirror    |       |       |       |       |       |     1 ||     1
  Use: Scroll            |       |     6 |     1 |     9 |    11 |    14 ||    41
       Potion            |       |     4 |       |     1 |     2 |     9 ||    16
 Stab: Sleeping          |     1 |     2 |     1 |     3 |     2 |     2 ||    11
       Paralysed         |       |       |     2 |       |       |       ||     2
       Confused          |       |       |       |     2 |     4 |     2 ||     8
       Distracted        |       |       |       |       |     2 |     1 ||     3
  Eat: Chunk             |     1 |     5 |    15 |    26 |    38 |    37 ||   122
       Fruit             |       |       |       |     1 |     2 |     1 ||     4
       Pizza             |       |       |       |       |       |    10 ||    10
Armor: Leather armour    |    16 |    25 |    58 |   154 |   266 |   175 ||   694
       Skin              |       |     8 |       |       |       |       ||     8
Dodge: Dodged            |    52 |    82 |   151 |   627 |  2580 |  1997 ||  5489
       Rpst.: Long sword |       |       |       |       |       |    70 ||    70
